 Dungeon Crawl Stone Soup version 0.32-a0-968-g61e5eb5241 (webtiles) character file.

Game seed: 11106776426944286268

350 GeoRichter the Spear-Bearer (level 6, 0/49 HPs)
             Began as a Merfolk Gladiator on Apr 18, 2024.
             Was an Initiate of Jiyva.
             Succumbed to a scorpion's poison
             ... on level 4 of the Dungeon.
             The game lasted 00:04:06 (2176 turns).

GeoRichter the Spear-Bearer (Merfolk Gladiator)     Turns: 2176, Time: 00:04:07

Health: 0/49       AC:  4    Str: 15    XL:     6   Next: 61%
Magic:  6/6        EV: 12    Int:  9    God:    Jiyva [......]
Gold:   87         SH:  4    Dex: 21    Spells: 5/5 levels left

rFire   + . .        a - +0 trident
rCold   + . .        g - +0 buckler
rNeg    . . .        k - +0 leather armour "Peibois" {Int+2 Dex+4}
rPois   +            c - +0 helmet
rElec   +            (no cloak)
rCorr   +            (no gloves)
SInv    .            (no boots)
Will    .....        (no amulet)
Stlth   ++           (no ring)
HPRegen 0.28/turn    (no ring)
MPRegen 0.10/turn

%: no passive effects
@: brilliant, lethally poisoned (0 -> -1), resistant, on berserk cooldown,
hasted and slowed
A: (nimble swimmer 2), mertail
a: Renounce Religion


You were on level 4 of the Dungeon.
You worshipped Jiyva.
Jiyva was noncommittal.
You visited 1 branch of the dungeon, and saw 4 of its levels.
You also visited: Sewer.

You collected 87 gold pieces.

Inventory:

Hand Weapons
 a - a +0 trident (weapon)
Missiles
 d - 3 throwing nets {!f}
 e - 5 javelins
 l - 2 poisoned darts (quivered)
Armour
 c - a +0 helmet (worn)
 g - a +0 buckler (worn)
   (You found it on level 1 of the Dungeon)
 k - the +0 leather armour "Peibois" (worn) {Int+2 Dex+4}
   (You found it on level 2 of the Dungeon)

   Int+2:     It affects your intelligence (+2).
   Dex+4:     It affects your dexterity (+4).
Scrolls
 b - a scroll of immolation {unknown}
 h - 2 scrolls of revelation
 m - a scroll of vulnerability {unknown}
 n - a scroll of silence
Potions
 i - a potion of berserk rage
 j - 2 potions of mutation {!q}
 r - a potion of haste {@q3}


   Skills:
 + Level 4.6 Fighting
 * Level 8.1 Polearms
 - Level 2.0 Throwing
 - Level 4.0 Dodging


You had 5 spell levels left.
You didn't know any spells.
Your spell library was empty.

Dungeon Overview and Level Annotations

Branches:
Dungeon (4/15) Zot: 22237   Sewer (visited)
 Temple: D:4-7

Altars:


Innate Abilities, Weirdness & Mutations

((You are very nimble when in or above water. (Stealth+, EV+, Speed+++)))
Your lower body shifts to a powerful aquatic tail in water.


Message History

The scorpion is moderately wounded.
* * * LOW HITPOINT WARNING * * *
You feel sick.
You puncture the scorpion!
You kill the scorpion!
* * * LOW HITPOINT WARNING * * *
You feel sick.
Your Polearms skill increases to level 8!
* * * LOW HITPOINT WARNING * * *
You feel very sick.
You see here a scorpion corpse.
* * * LOW HITPOINT WARNING * * *
You feel sick.
Unknown command.
It was a potion of magic.
Magic courses through your body.
* * * LOW HITPOINT WARNING * * *
You feel sick.
It was a potion of resistance.
You feel protected.
* * * LOW HITPOINT WARNING * * *
You feel sick.
It was a potion of brilliance.
You feel clever all of a sudden.
* * * LOW HITPOINT WARNING * * *
You feel sick.
A red film seems to cover your vision as you go berserk!
You feel yourself moving faster!
You feel mighty!
* * * LOW HITPOINT WARNING * * *
You feel sick.
You feel a strong urge to attack something.
* * * LOW HITPOINT WARNING * * *
You feel sick.
* * * LOW HITPOINT WARNING * * *
You feel sick.
Unknown command.
Unknown command.
Unknown command.
You feel your anger nearly subside.
* * * LOW HITPOINT WARNING * * *
You feel sick.
You are no longer berserk.
You are exhausted.
You feel yourself slow down.
* * * LOW HITPOINT WARNING * * *
You feel sick.
Jiyva gurgles merrily.
Okay, then.
Okay, then.
You die...
Jiyva sends a jelly to digest your remains.

#.....## #....#
#...## ##.†.##
##.†.# ##..## .#
##..## ..# #...##
#(.# ##..@##
#...## ##...###
.....# #.....##
......###......##
#............
#..##.###.##..
#########.##.# .#
. #............#
.# #.##.#####.###


There were no monsters in sight!

Vanquished Creatures
  A scorpion (D:4)
  3 jellies (Sewer)
  A hound (D:4)
  10 adders
  A river rat (Sewer)
  A ribbon worm (D:2)
  3 bats (D:2)
  17 endoplasms
  4 giant cockroaches
  6 goblins
  5 hobgoblins
  2 quokkas (D:1)
  9 ball pythons
  5 frilled lizards
  3 kobolds
  8 rats
79 creatures vanquished.

Notes
Turn   | Place    | Note
-------+----------+-------------------------------------------
     0 | D:1      | GeoRichter the Merfolk Gladiator began the quest for the
                  | Orb.
     0 | D:1      | Reached XP level 1. HP: 16/16 MP: 1/1
   108 | D:1      | Reached XP level 2. HP: 23/23 MP: 2/2
   267 | D:1      | Reached skill level 5 in Polearms
   289 | D:1      | Reached XP level 3. HP: 26/28 MP: 3/3
   668 | D:2      | Identified the +0 leather armour "Peibois" {Int+2 Dex+4}
   832 | D:2      | Reached XP level 4. HP: 35/35 MP: 4/4
  1629 | D:3      | You fall into a shaft and drop 1 floor!
  1678 | D:4      | Reached skill level 6 in Polearms
  1678 | D:4      | Found a glowing drain.
  1689 | Sewer    | Entered a sewer
  1727 | Sewer    | Reached XP level 5. HP: 39/42 MP: 5/5
  1963 | Sewer    | Reached skill level 7 in Polearms
  1976 | Sewer    | Reached XP level 6. HP: 37/48 MP: 6/6
  2049 | Sewer    | Found a viscous altar of Jiyva.
  2088 | Sewer    | Became a worshipper of Jiyva Jaacsoh the Shapeless
  2165 | D:4      | Reached skill level 8 in Polearms
  2173 | D:4      | HP: 3/73 [poisoned by a scorpion]
  2175 | D:4      | HP: 1/49 [poisoned by a scorpion]
  2176 | D:4      | Succumbed to a scorpion's poison

Illustrated notes

Levels and vault maps discovered:
D:1:      dpeg_arrival_stonehenge_8_columns, layout_basic
D:2:      layout_basic
D:3:      layout_basic, mainiacjoe_overflow_alcove_2, tgw_kikubaaqudgha,
          serial_shops, shop, uniq_grinder
D:4:      minmay_thick_lines, layout_loops_ring, cheibriados_altar_1,
          mainiacjoe_sewer_entry_somewhere_in_here_1, uniq_natasha

Skill      XL: |  1  2  3  4  5  6 |
---------------+-------------------+-----
Polearms       | 5 6 7 8 |  8.1
Fighting       | 3 4 |  4.6
Throwing       | |  2.0
Dodging        | |  4.0

Action                     |  1- 3 |  4- 6 || total
---------------------------+-------+-------++-------
  Melee: Trident           |    83 |   138 ||   221
         Tailslap          |       |     5 ||     5
  Throw: Dart              |       |     7 ||     7
    Use: Scroll            |       |     5 ||     5
         Potion            |       |     5 ||     5
   Stab: Sleeping          |     4 |     8 ||    12
 Armour: Leather armour    |    23 |    41 ||    64
  Dodge: Dodged            |    22 |    53 ||    75
  Block: Buckler           |     8 |    22 ||    30

Table legend: (Time is in decaauts)
 A = Elapsed time spent in this place.
 B = Non-inter-level travel time spent in this place.
 C = Inter-level travel time spent in this place.
 D = Time resting spent in this place.
 E = Time spent auto-exploring this place.
 F = Levels seen in this place.
 G = Mean time per level.
                   A        B        C        D        E       F      G
               +--------+--------+--------+--------+--------+-----+--------+
         Total |   2146 |   2121 |     25 |    133 |   1398 |   5 |  429.2 |
       Dungeon |   1762 |   1737 |     25 |     36 |   1303 |   4 |  440.5 |
         Sewer |    383 |    383 |      0 |     97 |     94 |   1 |  383.0 |
               +--------+--------+--------+--------+--------+-----+--------+

Top non-repeatable levels by time:
     D:2: 1010 daAuts
     D:1: 575 daAuts
   Sewer: 383 daAuts
     D:4: 125 daAuts
     D:3: 51 daAuts
